 Dungeon Crawl Stone Soup version 0.30-a0-930-gb9d0489357 (webtiles) character file.

Game seed: 5519030516479584287

41022 arthad the Jinx (level 14, -6/111 HPs)
             Began as a Gnoll Wanderer on Mar 19, 2023.
             Was an Initiate of Gozag.
             Mangled by a death yak (17 damage)
             ... on level 1 of the Lair of Beasts on Mar 23, 2023.
             The game lasted 01:34:33 (23659 turns).

arthad the Jinx (Gnoll Wanderer)                   Turns: 23659, Time: 01:34:34

Health: -6/111     AC: 12    Str: 14    XL:     14   Next: 13%
Magic:  20/28      EV: 15    Int: 19    God:    Gozag
Gold:   2663       SH: 12    Dex: 11    Spells: 18/34 levels left

rFire   + . .      SeeInvis .    b - +4 broad axe (chaos)
rCold   . . .      Faith    .    O - +1 buckler
rNeg    . . .      Spirit   .    J - +1 robe of Ethics {rF+ Will+ Str+4 Stlth+}
rPois   +          Reflect  +    f - +0 helmet
rElec   .          Rampage  .    R - scarf {+Inv}
rCorr   .                        T - +0 pair of gloves
Will    +++..                    B - +0 pair of boots
Stlth   +++++                    u - amulet "Xakeedoc" {Reflect rPois Will+ SH+5}
HPRegen 0.38/turn                t - ring of poison resistance
MPRegen 0.21/turn                e - +4 ring of protection

@: gold aura
A: fangs 1, strong nose, distributed training
a: Renounce Religion, Evoke Invisibility, Potion Petition, Call Merchant, Bribe
Branch


You were on level 1 of the Lair of Beasts.
You worshipped Gozag.
Gozag was most pleased with you.
You visited 3 branches of the dungeon, and saw 17 of its levels.
You also visited: Ossuary and Gauntlet.

You collected 3092 gold pieces.
You paid 429 gold pieces to Gozag.

Inventory:

Hand Weapons
 a - the +12 dagger of the Charming Traitor {elec, rElec rN+ Dex-3}
   (You found it on level 1 of the Lair of Beasts)

   Dex:       It affects your dexterity (-3).
   rElec:     It insulates you from electricity.
   rN:        It protects you from negative energy.
 b - a +4 broad axe of chaos (weapon)
 H - a +0 falchion of holy wrath
 V - a +2 broad axe of distortion
Missiles
 o - 17 poisoned darts
 r - 6 silver boomerangs
 M - 5 boomerangs of dispersal
 P - 2 curare-tipped darts
Armour
 f - a +0 helmet (worn)
 w - a +0 tower shield
 B - a +0 pair of boots (worn)
 J - the +1 robe of Ethics (worn) {rF+ Will+ Str+4 Stlth+}
   (You found it on level 14 of the Dungeon)

   Str:       It affects your strength (+4).
   rF:        It protects you from fire.
   Will:      It increases your willpower.
   Stlth:     It makes you more stealthy.
 O - a +1 buckler (worn)
 R - a scarf of invisibility (worn)
 T - a +0 pair of gloves (worn)
Magical Staves
 g - a staff of conjuration
Jewellery
 e - a +4 ring of protection (right hand)
 t - a ring of poison resistance (left hand)
 u - the amulet "Xakeedoc" (around neck) {Reflect rPois Will+ SH+5}
   (You found it in a Gauntlet)

   [amulet of reflection]

   It reflects blocked missile attacks.
   rPois:     It protects you from poison.
   SH:        It affects your SH (+5).
   Will:      It increases your willpower.
 x - a ring of protection from cold
 y - an amulet of guardian spirit
 I - a ring of protection from fire
 U - a ring of protection from cold
 Z - a ring of fire
Wands
 h - a wand of charming (18)
 q - a wand of mindburst (12)
 z - a wand of digging (8)
 C - a wand of polymorph (6)
 Q - a wand of flame (33)
 W - a wand of acid (2)
Scrolls
 c - 4 scrolls of fear
 d - 3 scrolls of fog
 i - 3 scrolls of torment
 l - 3 scrolls of immolation
 p - 3 scrolls of poison
 v - 3 scrolls of enchant armour
 E - a scroll of acquirement {unknown}
 K - 5 scrolls of teleportation
 N - a scroll of amnesia
 S - 4 scrolls of identify
Potions
 j - 9 potions of curing
 k - 3 potions of lignification
 m - 7 potions of haste
 n - a potion of might
 s - 2 potions of heal wounds
 A - 2 potions of mutation
 D - 3 potions of flight
 F - 2 potions of magic
 L - 2 potions of berserk rage
 X - 3 potions of brilliance
 Y - 5 potions of ambrosia
Miscellaneous
 G - a phial of floods


   Skills:
 + Level 10.4 Fighting
 + Level 9.3 Short Blades
 + Level 9.3 Long Blades
 + Level 9.3 Axes
 + Level 9.3 Maces & Flails
 + Level 9.3 Polearms
 + Level 9.3 Staves
 + Level 9.3 Ranged Weapons
 + Level 9.3 Throwing
 + Level 9.3 Armour
 + Level 9.7 Dodging
 + Level 9.6 Stealth
 + Level 9.3 Shields
 + Level 9.3 Unarmed Combat
 + Level 10.5 Spellcasting
 + Level 7.7 Conjurations
 + Level 10.5 Hexes
 + Level 7.7 Summonings
 + Level 7.7 Necromancy
 + Level 7.7 Translocations
 + Level 7.7 Transmutations
 + Level 7.7 Fire Magic
 + Level 7.7 Ice Magic
 + Level 7.7 Air Magic
 + Level 7.7 Earth Magic
 + Level 7.7 Poison Magic
 + Level 10.1 Invocations
 + Level 9.3 Evocations


You had 18 spell levels left.
You knew the following spells:

 Your Spells              Type           Power      Damage    Failure   Level
a - Sting                 Tmut/Pois      100%       1d8       1%          1
c - Summon Guardian Gole  Hex/Summ       44%        N/A       1%          3
d - Ensorcelled Hibernat  Hex/Ice        88%        N/A       1%          2
e - Shock                 Conj/Air       100%       1d9       1%          1
f - Summon Lightning Spi  Summ/Air       39%        N/A       3%          4
g - Summon Mana Viper     Hex/Summ       44%        N/A       5%          5

Your spell library contained the following spells:

 Spells                   Type           Power      Damage    Failure   Level
 Apportation              Tloc           78%        N/A       1%          1
 Freeze                   Ice            100%       1d10      1%          1
 Slow                     Hex            100%       N/A       1%          1
 Cigotuvi's Dreadful Rot  Necr/Pois/Air  78%        N/A       1%          2
 Passwall                 Tmut/Erth      32%        N/A       1%          2
 Poisonous Vapours        Pois/Air       78%        N/A       1%          2
 Sublimation of Blood     Necr           39%        N/A       1%          2
 Wereblood                Tmut           39%        N/A       1%          2
 Gell's Gravitas          Tloc           39%        N/A       1%          3
 Spider Form              Tmut/Pois      39%        N/A       1%          3
 Swiftness                Air            39%        N/A       1%          3
 Teleport Other           Tloc           39%        N/A       1%          3
 Cause Fear               Hex            25%        N/A       1%          4
 Airstrike                Air            19%        2d(3-19)  3%          4
 Olgreb's Toxic Radiance  Pois           39%        N/A       3%          4
 Alistair's Intoxication  Tmut/Pois      26%        N/A       10%         5
 Freezing Cloud           Conj/Ice/Air   19%        6-21      10%         5
 Plasma Beam              Fire/Air       19%        2x1d34    10%         5
 Summon Forest            Summ/Tloc      19%        N/A       10%         5
 Dispersal                Tloc           19%        N/A       50%         6
 Summon Cactus Giant      Summ           19%        N/A       50%         6
 Dragon Form              Tmut           19%        N/A       97%         7
 Ozocubu's Refrigeration  Ice            19%        4d11      97%         7
 Summon Hydra             Summ           19%        N/A       97%         7
 Ignition                 Fire           19%        3d7       100%        8
 Dragon's Call            Summ           19%        N/A       100%        9
 Polar Vortex             Ice            19%        N/A       100%        9
 Simulacrum               Ice/Necr       Unusable   N/A       N/A         6

Dungeon Overview and Level Annotations

Branches:
Dungeon (15/15)            Temple (1/1) D:5            Lair (1/5) D:11
    Orc (0/2) D:12         Vaults (0/5) D:13         Depths (0/4) D:15
Ossuary (visited)         Gauntlet (visited)

Altars:
Ashenzari
Cheibriados
Dithmenos
Elyvilon
Fedhas
Gozag
Hepliaklqana
Kikubaaqudgha
Makhleb
Nemelex Xobeh
Okawaru
Qazlal
Ru
Sif Muna
Trog
Uskayaw
Vehumet
Wu Jian
Xom
Yredelemnul
Zin
The Shining One

Shops:
D:2 *   D:13 *

Annotations:
D:5 exclusion: statue


Innate Abilities, Weirdness & Mutations

You have very sharp teeth.
Your uncanny sense of smell can sniff out nearby items.
Your experience applies equally to all skills.


Message History

You hit the death yak. You freeze the death yak.
The rime drake breathes ice at you. The icy flash freeze hits you!!
You are encased in ice.
Your mana viper completely misses the death yak.
The death yak completely misses you.
The rime drake bites you but does no damage.
You closely miss the rime drake.
The rime drake is severely wounded.
You hit the plant. You freeze the plant. You hit the death yak.
You burn the death yak.
Your mana viper bites the death yak but does no damage.
You block the death yak's attack. You block the rime drake's attack.
Your mana viper barely misses the death yak.
You slash the rime drake!
You kill the rime drake!
You slash the plant!
Nothing appears to happen.
You hit the death yak.
Space warps around the death yak.
The ice encasing you melts away.
Your mana viper bites the death yak!
The death yak gores you!!
Your mana viper bites the death yak!
You slash the death yak!
You bite the death yak, but do no damage.
The death yak is heavily wounded.
You slash the plant! You drain the plant. You block the death yak's attack.
Your mana viper bites the death yak but does no damage.
You strike the helpless death yak from behind!
You hit the death yak.
The death yak seems to speed up.
The death yak is heavily wounded.
You hit the plant. You burn the plant.
A nearby plant withers and dies.
The death yak gores you!!
Your mana viper barely misses the death yak.
The death yak gores you!!
* * * LOW HITPOINT WARNING * * *
Your mana viper bites the death yak!
The death yak attacks as you move away! The death yak gores you!!
* * * LOW HITPOINT WARNING * * *
The death yak gores you!
You die...
Your body crumbles into a pile of gold.

#..##...#.#............#
.#..#..#.#..####.#.#..##
..###.#.#...#.#.#.##..##
.## ##.#.#####.........#
.# #.#.# #...####..## #.
##. #..####.##...P# .#
#..........## #.
#.###8###..# # ∆ #.Y@.P#
# #S###.# #.#/#.#
#.#+#.# #P..$P# ∆
#######


You could see a death yak (fast, ally target), a friendly mana viper (summoned)
and a friendly lightning spire (summoned).

Vanquished Creatures
  A minotaur (Gauntlet)
  A fire dragon (D:15)
  3 vault guards (D:13)
  2 boulder beetles
  2 two-headed ogres (D:9)
  An obsidian statue (Gauntlet)
  A deep elf pyromancer (D:14)
  A manticore (D:15)
  A cyclops (D:13)
  A torpor snail (Gauntlet)
  A rime drake (Lair:1)
  A komodo dragon (D:11)
  A freezing wraith (D:14)
  2 trolls
  2 slime creatures (D:12)
  A shadow (D:11)
  2 yaks (D:10)
  A wyvern (D:9)
  A basilisk (Lair:1)
  A vampire mosquito (D:11)
  A steam dragon (D:10)
  Duvessa (D:4)
  4 water moccasins
  A meliai simulacrum (D:15)
  3 orc warriors
  2 black bears
  2 ice beasts
  5 wolves (Lair:1)
  4 ogres (D:12)
  A centaur (D:7)
  2 gnoll sergeants
  3 kobold brigands
  5 bullfrogs
  3 water moccasin zombies (Ossuary)
  8 scorpions
  A hornet simulacrum (D:14)
  22 killer bees
  4 howler monkeys
  3 hounds
  3 orc priests
  A sleepcap (D:6)
  2 iguanas
  7 orc wizards
  A mummy (Ossuary)
  Robin (D:4)
  12 gnolls
  9 adders
  A white imp (D:7)
  5 adder zombies (Ossuary)
  A worm (D:3)
  5 dart slugs
  31 orcs
  8 ball pythons
  10 bats
  2 endoplasms (D:2)
  2 giant cockroaches
  3 gnoll zombies (Ossuary)
  16 goblins
  4 hobgoblins
  7 jackals
  15 kobolds
  4 quokkas
  6 frilled lizards
  5 hobgoblin zombies (Ossuary)
  2 kobold zombies (Ossuary)
  4 orc zombies (Ossuary)
  5 rats
274 creatures vanquished.

Vanquished Creatures (collateral kills)
  A dire elephant (D:15)
  Snorg (D:14)
  2 hydras
  A vault guard (D:13)
  2 centaur warriors (D:13)
  2 two-headed ogres (D:11)
  7 ugly things
  A deep elf pyromancer (D:15)
  2 cyclopes
  A manticore (D:11)
  A wolf spider (D:15)
  A black mamba (shapeshifter) (D:14)
  A tengu conjurer (D:13)
  An efreet (D:15)
  2 kobold demonologists
  A queen bee (D:11)
  A nameless horror (D:13)
  A wraith (D:14)
  A shadow (D:12)
  A centaur simulacrum (D:14)
  4 yaks (Gauntlet)
  2 vampires
  A neqoxec (Gauntlet)
  A chaos spawn (Gauntlet)
  3 basilisks
  An acid dragon (Lair:1)
  2 water moccasins (Lair:1)
  5 wolves (Lair:1)
  A centaur (D:11)
  10 killer bees
  An orc priest (D:11)
  An orc wizard (D:11)
  A mummy (Ossuary)
  An orc (D:11)
  4 bats (D:13)
69 creatures vanquished.

Vanquished Creatures (others)
  Erolcha (D:13)
  A hydra (D:15)
  4 vault guards (D:13)
  2 two-headed ogres
  A centaur warrior (D:13)
  A boulder beetle (D:13)
  A tengu warrior (D:13)
  A death scarab (Gauntlet)
  3 ugly things
  2 cyclopes
  A gargoyle (D:10)
  A cane toad (Lair:1)
  A hornet (D:9)
  A slime creature (D:12)
  3 yaks
  A wraith (D:10)
  A spectral komodo dragon (Gauntlet)
  4 vampire mosquitoes
  An acid dragon (D:10)
  An ogre (D:5)
  A gnoll sergeant (D:12)
  A scorpion (D:4)
  Dowan (D:4)
  An adder (D:4)
  An endoplasm (D:4)
  9 fungi
  17 plants
63 creatures vanquished.

Grand Total: 406 creatures vanquished

Notes
Turn   | Place    | Note
-------+----------+-------------------------------------------
     0 | D:1      | arthad the Gnoll Wanderer began the quest for the Orb.
     0 | D:1      | arthad set off with the following items: a +0 dagger, a
                  | scroll of fear, a +0 robe, a scroll of fog; and the
                  | following spells available to memorise: Slow, Cause Fear,
                  | Summon Guardian Golem, Sting, Spider Form.
     0 | D:1      | Reached XP level 1. HP: 20/20 MP: 6/6
     2 | D:1      | Learned a level 1 spell: Sting
     4 | D:1      | Learned a level 1 spell: Slow
   179 | D:1      | Reached XP level 2. HP: 22/26 MP: 3/7
   773 | D:1      | Reached skill level 5 in Spellcasting
   773 | D:1      | Reached XP level 3. HP: 31/31 MP: 2/9
  1122 | D:2      | Reached skill level 1 in Invocations
  1274 | D:2      | Found Daravvod's General Store.
  1689 | D:2      | Reached skill level 1 in Short Blades
  1689 | D:2      | Reached skill level 1 in Long Blades
  1689 | D:2      | Reached skill level 1 in Axes
  1689 | D:2      | Reached skill level 1 in Maces & Flails
  1689 | D:2      | Reached skill level 1 in Polearms
  1689 | D:2      | Reached skill level 1 in Staves
  1689 | D:2      | Reached skill level 1 in Ranged Weapons
  1689 | D:2      | Reached skill level 1 in Throwing
  1689 | D:2      | Reached skill level 1 in Armour
  1689 | D:2      | Reached skill level 1 in Shields
  1689 | D:2      | Reached skill level 1 in Unarmed Combat
  1689 | D:2      | Reached skill level 1 in Evocations
  1861 | D:2      | Reached XP level 4. HP: 33/38 MP: 4/11
  1876 | D:2      | Reached skill level 1 in Conjurations
  1876 | D:2      | Reached skill level 1 in Summonings
  1876 | D:2      | Reached skill level 1 in Necromancy
  1876 | D:2      | Reached skill level 1 in Translocations
  1876 | D:2      | Reached skill level 1 in Transmutations
  1876 | D:2      | Reached skill level 1 in Fire Magic
  1876 | D:2      | Reached skill level 1 in Ice Magic
  1876 | D:2      | Reached skill level 1 in Air Magic
  1876 | D:2      | Reached skill level 1 in Earth Magic
  1876 | D:2      | Reached skill level 1 in Poison Magic
  2814 | D:3      | Reached XP level 5. HP: 43/43 MP: 2/12
  3112 | D:3      | Learned a level 3 spell: Summon Guardian Golem
  3115 | D:3      | Learned a level 2 spell: Ensorcelled Hibernation
  3118 | D:4      | Found a hide-covered altar of Uskayaw.
  3393 | D:4      | Found a hazy altar of Hepliaklqana.
  3393 | D:4      | Found a stormy altar of Qazlal.
  3395 | D:4      | Noticed Robin
  3516 | D:4      | Found an ornate altar of the Wu Jian Council.
  3516 | D:4      | Found a shimmering blue altar of Sif Muna.
  3516 | D:4      | Found a glowing golden altar of the Shining One.
  3590 | D:4      | Noticed Duvessa
  3590 | D:4      | Noticed Dowan
  3602 | D:4      | Killed Duvessa
  3603 | D:4      | Reached skill level 5 in Fighting
  3603 | D:4      | Reached XP level 6. HP: 51/51 MP: 9/14
  3619 | D:4      | Killed Dowan
  3653 | D:4      | Killed Robin
  4054 | D:4      | Reached XP level 7. HP: 50/56 MP: 11/15
  4297 | D:5      | Entered Level 5 of the Dungeon
  4297 | D:5      | Found a sand-covered staircase.
  4374 | D:5      | Found a radiant altar of Vehumet.
  4551 | Ossuary  | Entered an ossuary
  4572 | Ossuary  | Learned a level 1 spell: Shock
  4759 | Ossuary  | Reached XP level 8. HP: 10/63 MP: 6/16
  5925 | D:5      | Found a staircase to the Ecumenical Temple.
  5997 | Temple   | Entered the Ecumenical Temple
  6078 | Temple   | Became a worshipper of Gozag Ym Sagoz the Greedy
  8026 | D:7      | Reached XP level 9. HP: 32/69 MP: 1/18
  8609 | D:7      | Reached skill level 5 in Dodging
  8844 | D:7      | Reached skill level 5 in Stealth
  9153 | D:8      | Found a snail-covered altar of Cheibriados.
  9253 | D:8      | Reached skill level 5 in Invocations
  9278 | D:8      | HP: 3/71 [gnoll/+0 halberd[a gnoll sergeant] (10)]
 10886 | D:9      | Reached skill level 5 in Short Blades
 10886 | D:9      | Reached skill level 5 in Long Blades
 10886 | D:9      | Reached skill level 5 in Axes
 10886 | D:9      | Reached skill level 5 in Maces & Flails
 10886 | D:9      | Reached skill level 5 in Polearms
 10886 | D:9      | Reached skill level 5 in Staves
 10886 | D:9      | Reached skill level 5 in Ranged Weapons
 10886 | D:9      | Reached skill level 5 in Throwing
 10886 | D:9      | Reached skill level 5 in Armour
 10886 | D:9      | Reached skill level 5 in Shields
 10886 | D:9      | Reached skill level 5 in Unarmed Combat
 10886 | D:9      | Reached skill level 5 in Evocations
 10886 | D:9      | Reached XP level 10. HP: 57/77 MP: 12/20
 11162 | D:9      | Noticed a two-headed ogre
 11204 | D:9      | Killed a two-headed ogre
 11404 | D:9      | Noticed a two-headed ogre
 11414 | D:9      | Killed a two-headed ogre
 12301 | D:10     | Entered Level 10 of the Dungeon
 12840 | D:10     | Reached skill level 5 in Conjurations
 12840 | D:10     | Reached skill level 5 in Summonings
 12840 | D:10     | Reached skill level 5 in Necromancy
 12840 | D:10     | Reached skill level 5 in Translocations
 12840 | D:10     | Reached skill level 5 in Transmutations
 12840 | D:10     | Reached skill level 5 in Fire Magic
 12840 | D:10     | Reached skill level 5 in Ice Magic
 12840 | D:10     | Reached skill level 5 in Air Magic
 12840 | D:10     | Reached skill level 5 in Earth Magic
 12840 | D:10     | Reached skill level 5 in Poison Magic
 12999 | D:10     | Learned a level 4 spell: Summon Lightning Spire
 13187 | D:10     | Reached XP level 11. HP: 85/85 MP: 19/22
 13600 | D:11     | Noticed a two-headed ogre
 13614 | D:11     | Killed a two-headed ogre
 13909 | D:11     | Got the Compendium of Algor and Gusts
 13925 | D:11     | Noticed a purple ugly thing
 13935 | D:11     | Killed a purple ugly thing
 14079 | D:11     | Found a staircase to the Lair.
 14235 | D:11     | Noticed a manticore
 14252 | D:11     | Killed a manticore
 14460 | D:11     | Noticed a two-headed ogre
 14473 | D:11     | Killed a two-headed ogre
 14592 | D:11     | Learned a level 5 spell: Summon Mana Viper
 14620 | D:11     | Noticed a two-headed ogre
 14635 | D:11     | Killed a two-headed ogre
 16020 | D:12     | Noticed a cyclops
 16045 | D:12     | Killed a cyclops
 16240 | D:12     | Found an ornate altar of the Wu Jian Council.
 16443 | D:12     | Noticed a purple ugly thing
 16455 | D:12     | Killed a purple ugly thing
 16609 | D:12     | Noticed a two-headed ogre
 16610 | D:12     | Noticed a cyclops
 16629 | D:12     | Killed a two-headed ogre
 16629 | D:12     | Killed a cyclops
 16630 | D:12     | Reached XP level 12. HP: 61/94 MP: 7/24
 16786 | D:12     | Found a staircase to the Orcish Mines.
 17247 | D:13     | Found Cexta Soirch's Blood Bar.
 17366 | D:13     | Noticed a boulder beetle
 17380 | D:13     | Killed a boulder beetle
 17493 | D:13     | Noticed a tengu warrior
 17502 | D:13     | Killed a tengu warrior
 17508 | D:13     | Noticed a vault guard
 17511 | D:13     | Noticed a vault guard
 17517 | D:13     | Noticed a vault guard
 17521 | D:13     | Killed a vault guard
 17528 | D:13     | Killed a vault guard
 17536 | D:13     | Noticed a vault guard
 17545 | D:13     | Killed a vault guard
 17547 | D:13     | Killed a vault guard
 17551 | D:13     | Noticed a vault guard
 17711 | D:13     | Noticed a centaur warrior
 17722 | D:13     | Killed a centaur warrior
 17850 | D:13     | Noticed a centaur warrior
 17873 | D:13     | Killed a centaur warrior
 18220 | D:13     | Noticed a centaur warrior
 18227 | D:13     | Killed Erolcha
 18467 | D:13     | Noticed a vault guard
 18480 | D:13     | Killed a vault guard
 18720 | D:13     | Killed a centaur warrior
 18823 | D:13     | Noticed a vault guard
 18837 | D:13     | Killed a vault guard
 18838 | D:13     | Reached XP level 13. HP: 90/101 MP: 15/26
 18922 | D:13     | Found a gate to the Vaults.
 19023 | D:13     | Killed a vault guard
 19024 | D:13     | Reached skill level 10 in Hexes
 19578 | D:14     | Found a gate leading to a gauntlet.
 19592 | Gauntlet | Entered a Gauntlet
 19592 | Gauntlet | Found a transporter.
 19604 | Gauntlet | Found a transporter.
 19605 | Gauntlet | Found a transporter.
 19613 | Gauntlet | Found a transporter.
 19616 | Gauntlet | Found a transporter.
 19617 | Gauntlet | Found a transporter.
 19626 | Gauntlet | Found a transporter.
 19629 | Gauntlet | Found a transporter.
 19630 | Gauntlet | Found a transporter.
 19638 | Gauntlet | Found a transporter.
 19641 | Gauntlet | Found a transporter.
 19642 | Gauntlet | Found a transporter.
 19650 | Gauntlet | Found a transporter.
 19710 | Gauntlet | Found a transporter.
 20103 | Gauntlet | Identified the amulet "Xakeedoc" {Reflect rPois Will+ SH+5}
 20134 | Gauntlet | Reached skill level 10 in Spellcasting
 20359 | Gauntlet | Noticed a minotaur
 20373 | Gauntlet | Killed a minotaur
 20653 | D:14     | Noticed Snorg
 20665 | D:14     | Killed Snorg
 20671 | D:14     | Found a hazy altar of Hepliaklqana.
 20803 | D:14     | Identified the +1 robe of Ethics {rF+ Will+ Str+4 Stlth+}
 21363 | D:14     | Upgraded the game from 0.30-a0-913-g9934a0ce24 to
                  | 0.30-a0-930-gb9d0489357
 21715 | D:14     | Reached skill level 10 in Fighting
 21809 | D:15     | Entered Level 15 of the Dungeon
 21809 | D:15     | Noticed a fire dragon
 21818 | D:15     | Killed a fire dragon
 22292 | D:15     | Found a staircase to the Depths.
 22292 | D:15     | Noticed a dire elephant
 22326 | D:15     | Killed a dire elephant
 22722 | D:15     | Reached skill level 10 in Invocations
 22722 | D:15     | Reached XP level 14. HP: 110/110 MP: 17/28
 23028 | Lair:1   | Entered Level 1 of the Lair of Beasts
 23374 | Lair:1   | Identified the +12 dagger of the Charming Traitor {elec,
                  | rElec rN+ Dex-3}
 23659 | Lair:1   | Mangled by a death yak

Illustrated notes

Levels and vault maps discovered:
D:1:      shiori_shiawase, layout_basic
D:2:      layout_basic, serial_shops, nicolae_shop_statue_plus,
          chequers_big_river, chequers_serial_rivers_micro_d, minivault_26,
          minmay_divided_ellipse
D:3:      layout_rooms
D:4:      old_forge, layout_rooms, grunt_temple_overflow_open, uniq_robin,
          uniq_duvessa
D:5:      layout_basic, vehumet_statue, minmay_temple_entry_waves,
          enter_ossuary_1
D:6:      layout_loops_ring, minmay_holes, kennysheep_crisscross
D:7:      layout_loops_cross
D:8:      layout_loops_corners, kennysheep_mini_moat
D:9:      layout_rooms, kennysheep_potato
D:10:     layout_irregular_city
D:11:     layout_irregular_city, david_lair_shrubbed, minivault_7
D:12:     layout_roguey, kennysheep_orc_monster_closet_entryway,
          pdpol_wu_jian_five_deadly_venoms
D:13:     layout_gridville, erik_vaults_2, serial_glass, glass_columns_a,
          glass_columns_b, guppyfry_shop_blood, uniq_erolcha
D:14:     layout_roguey, gauntlet_entry_generic,
          nicolae_hepliaklqana_hazy_memory, uniq_snorg
D:15:     hangedman_depths_entry_try_elsewhere_first, layout_basic
Temple:   nicolae_temple_great_sept
Lair:1:   layout_loops_ring, minmay_shattered_shrine, lemuel_fruit_fields

Skill      XL: |  1  2  3  4  5  6  7  8  9 10 11 12 13 |
---------------+----------------------------------------+-----
Spellcasting   | 5 6 7 8 9 10 | 10.5
Invocations    | 1 2 3 4 5 6 7 8 10 | 10.1
Short Blades   | 1 2 3 4 5 6 7 8 9 |  9.3
Long Blades    | 1 2 3 4 5 6 7 8 9 |  9.3
Axes           | 1 2 3 4 5 6 7 8 9 |  9.3
Maces & Flails | 1 2 3 4 5 6 7 8 9 |  9.3
Polearms       | 1 2 3 4 5 6 7 8 9 |  9.3
Staves         | 1 2 3 4 5 6 7 8 9 |  9.3
Ranged Weapons | 1 2 3 4 5 6 7 8 9 |  9.3
Throwing       | 1 2 3 4 5 6 7 8 9 |  9.3
Armour         | 1 2 3 4 5 6 7 8 9 |  9.3
Shields        | 1 2 3 4 5 6 7 8 9 |  9.3
Unarmed Combat | 1 2 3 4 5 6 7 8 9 |  9.3
Evocations     | 1 2 3 4 5 6 7 8 9 |  9.3
Conjurations   | 1 2 3 4 5 6 7 |  7.7
Summonings     | 1 2 3 4 5 6 7 |  7.7
Necromancy     | 1 2 3 4 5 6 7 |  7.7
Translocations | 1 2 3 4 5 6 7 |  7.7
Transmutations | 1 2 3 4 5 6 7 |  7.7
Fire Magic     | 1 2 3 4 5 6 7 |  7.7
Ice Magic      | 1 2 3 4 5 6 7 |  7.7
Air Magic      | 1 2 3 4 5 6 7 |  7.7
Earth Magic    | 1 2 3 4 5 6 7 |  7.7
Poison Magic   | 1 2 3 4 5 6 7 |  7.7
Dodging        | 3 4 5 6 7 8 9 |  9.7
Fighting       | 5 6 7 8 9 10 | 10.4
Stealth        | 3 4 5 6 7 8 9 |  9.6
Hexes          | 8 9 10 | 10.5

Action                     |  1- 3 |  4- 6 |  7- 9 | 10-12 | 13-15 || total
---------------------------+-------+-------+-------+-------+-------++-------
  Melee: Dagger            |    31 |    51 |   155 |   174 |    14 ||   425
         Bite              |     2 |     4 |    14 |    10 |    19 ||    49
         Punch             |       |     1 |     7 |       |       ||     8
         Broad axe         |       |       |       |       |    87 ||    87
  Throw: Dart              |       |       |     6 |     5 |       ||    11
         Boomerang         |       |       |       |     8 |       ||     8
   Cast: Sting             |    73 |   102 |   412 |   147 |    15 ||   749
         Slow              |     1 |       |     3 |       |       ||     4
         Summon Guardian G |       |     7 |     7 |    46 |    24 ||    84
         Shock             |       |       |    23 |    22 |       ||    45
         Summon Lightning  |       |       |       |    57 |    37 ||    94
         Summon Mana Viper |       |       |       |    18 |    37 ||    55
 Invoke: Potion Petition   |       |       |       |       |     1 ||     1
  Evoke: Wand              |       |     2 |     2 |     8 |     2 ||    14
         Phial of floods   |       |       |       |       |     1 ||     1
    Use: Scroll            |       |     3 |     8 |    12 |     6 ||    29
         Potion            |       |       |     4 |     2 |     2 ||     8
   Stab: Held in net/web   |       |     1 |       |       |       ||     1
         Distracted        |       |       |     1 |     1 |     5 ||     7
         Sleeping          |       |       |     1 |       |     1 ||     2
         Invisible         |       |       |       |       |     1 ||     1
 Armour: Robe              |    14 |    23 |    78 |    89 |    39 ||   243
         Skin              |       |       |    27 |       |       ||    27
  Dodge: Dodged            |    44 |    87 |   260 |   205 |    79 ||   675
  Block: Buckler           |       |       |    34 |    91 |    73 ||   198
         Reflection        |       |       |       |       |     1 ||     1

Table legend: (Time is in decaauts)
 A = Elapsed time spent in this place.
 B = Non-inter-level travel time spent in this place.
 C = Inter-level travel time spent in this place.
 D = Time resting spent in this place.
 E = Time spent auto-exploring this place.
 F = Levels seen in this place.
 G = Mean time per level.
                   A        B        C        D        E       F      G
               +--------+--------+--------+--------+--------+-----+--------+
         Total |  23602 |  23022 |    580 |   2398 |  16632 |  19 | 1242.2 |
       Dungeon |  20627 |  20061 |    566 |   1554 |  15208 |  15 | 1375.1 |
        Temple |     91 |     78 |     13 |      0 |     60 |   1 |   91.0 |
          Lair |    634 |    634 |      0 |      0 |    522 |   1 |  634.0 |
       Ossuary |   1274 |   1274 |      0 |    403 |    561 |   1 | 1274.0 |
      Gauntlet |    974 |    974 |      0 |    441 |    281 |   1 |  974.0 |
               +--------+--------+--------+--------+--------+-----+--------+

Top non-repeatable levels by time:
    D:11: 2254 daAuts
    D:13: 2205 daAuts
     D:8: 1868 daAuts
    D:14: 1504 daAuts
    D:12: 1388 daAuts
     D:2: 1313 daAuts
    D:10: 1309 daAuts
     D:9: 1285 daAuts
 Ossuary: 1274 daAuts
     D:7: 1211 daAuts
     D:5: 1188 daAuts
     D:4: 1175 daAuts
    D:15: 1074 daAuts
     D:6: 1054 daAuts
     D:1: 979 daAuts
